 Dungeon Crawl Stone Soup version 0.31-a0-654-gbe3e110b4e (webtiles) character file.

Game seed: 18433465317407517535

1621702 octothorp the Impregnable (level 26, 258/258 HPs)
             Began as an Armataur Fighter on Aug 29, 2023.
             Was an Initiate of Gozag.
             Escaped with the Orb
             ... and 3 runes!
             The game lasted 06:39:43 (74321 turns).

octothorp the Impregnable (Armataur Fighter)       Turns: 74321, Time: 06:39:43

Health: 258/258    AC: 51    Str: 23    XL:     26   Next: 59%
Magic:  27/27      EV:  5    Int: 10    God:    Gozag
Gold:   80         SH: 22    Dex: 13    Spells: 31/31 levels left

rFire   + + +        a - +8 mithril axe "Arga" {speed, Will+}
rCold   . . .        E - +2 tower shield
rNeg    + + .        H - +7 gold dragon scales
rPois   +            z - +2 helmet "Dogevas" {Int+5}
rElec   +            F - +2 cloak {Will+}
rCorr   .            c - +2 pair of gloves {Str+3}
SInv    +            f - +0 barding of Hoxt {+Inv rN++ Str-5 Stlth+}
Will    +++++        x - amulet of guardian spirit Stlth
                     j - ring of Atwoskoh {Fire +Blink Will++ Slay-3 SInv}
HPRegen 0.63/turn    w - ring "Waebig Rew" {rElec rF+ AC+4 Int-3, =R}
MPRegen 0.20/turn

%: guardian spirit, roll
@: studying Stealth, bribing [the Dungeon]
A: large, rugged brown scales 3, deformed body, armoured tail, roll, long
tongue, awkward tongue, camouflage 1, clumsy 1, dopey 1, weak 1
0: Orb of Zot
}: 3/15 runes: decaying, serpentine, silver
a: Renounce Religion, Evoke Blink, Evoke Invisibility, Potion Petition, Call
Merchant, Bribe Branch


You escaped.
You worshipped Gozag.
Gozag was noncommittal.
You visited 10 branches of the dungeon, and saw 48 of its levels.
You also visited: Gauntlet, Ice Cave and Wizlab.

You collected 27288 gold pieces.
You spent 9222 gold pieces at shops.
You paid 17986 gold pieces to Gozag.

Inventory:

Hand Weapons
 a - the +8 mithril axe "Arga" (weapon) {speed, Will+}
   (You bought it in a shop on level 8 of the Dungeon)

   Will+:     It increases your willpower.
 b - a +9 vampiric broad axe
Missiles
 e - 2 throwing nets
 g - 8 silver javelins
 u - 24 boomerangs (quivered)
Armour
 c - a +2 pair of gloves of strength (worn)
 f - the +0 barding of Hoxt (worn) {+Inv rN++ Str-5 Stlth+}
   (You acquired it on level 5 of the Vaults)

   Str-5:     It affects your strength (-5).
   rN++:      It greatly protects you from negative energy.
   +Inv:      It lets you turn invisible.
   Stlth+:    It makes you more stealthy.
 z - the +2 helmet "Dogevas" (worn) {Int+5}
   (You bought it in a shop on level 2 of the Depths)

   Int+5:     It affects your intelligence (+5).
 E - a +2 tower shield (worn)
 F - a +2 cloak of willpower (worn)
 H - +7 gold dragon scales (worn)
Jewellery
 h - a +4 ring of slaying
 j - the ring of Atwoskoh (left hand) {Fire +Blink Will++ Slay-3 SInv}
   (You found it on level 3 of the Vaults)

   [ring of fire]

   Fire:      It enhances your fire magic.
   Slay-3:    It affects your accuracy & damage with ranged weapons and melee
   (-3).
   rF+:       It protects you from fire.
   rC-:       It makes you vulnerable to cold.
   Will++:    It greatly increases your willpower.
   SInv:      It lets you see invisible.
   +Blink:    It lets you blink.
 l - the ring "Wefiol" {*Slow rN+ Will+ Int+3 Dex+2}
   (You took it off a deep elf elementalist on level 3 of the Elven Halls)

   [ring of willpower]

   Int+3:     It affects your intelligence (+3).
   Dex+2:     It affects your dexterity (+2).
   rN+:       It protects you from negative energy.
   Will+:     It increases your willpower.
   *Slow:     It may slow you when you take damage.
 v - a ring of resist corrosion
 w - the ring "Waebig Rew" (right hand) {rElec rF+ AC+4 Int-3, =R}
   (You found it on level 3 of the Dungeon)

   [ring of protection]

   AC+4:      It affects your AC (+4).
   Int-3:     It affects your intelligence (-3).
   rF+:       It protects you from fire.
   rElec:     It insulates you from electricity.
 x - an amulet of guardian spirit (around neck)
 J - the ring "Cacuz" {rC+ Will+}
   (You bought it in a shop on level 2 of the Snake Pit)

   [ring of protection from cold]

   rC+:       It protects you from cold.
   Will+:     It increases your willpower.
 O - a ring of positive energy
Wands
 i - a wand of iceblast (20)
 k - a wand of mindburst (33)
 q - a wand of paralysis (58)
 r - a wand of polymorph (13)
 U - a wand of digging (21)
 Y - a wand of acid (5)
Scrolls
 m - 5 scrolls of poison
 n - 7 scrolls of summoning
 t - 6 scrolls of blinking {@r3}
 y - 6 scrolls of silence
 D - 9 scrolls of fear
 G - 25 scrolls of teleportation {@r2}
 I - a scroll of revelation
 L - 3 scrolls of vulnerability
 X - a scroll of torment
 Z - 5 scrolls of fog
Potions
 d - a potion of invisibility
 o - 4 potions of magic
 p - 4 potions of mutation
 s - 3 potions of resistance
 B - 4 potions of ambrosia
 C - 3 potions of heal wounds
 K - 10 potions of brilliance
 M - a potion of cancellation
 R - 3 potions of berserk rage
 S - 17 potions of curing
 T - 3 potions of might
 W - 4 potions of enlightenment
Miscellaneous
 A - a phantom mirror
 N - a box of beasts
 P - a lightning rod (4/4)
 Q - a tin of tremorstones (2/2)


   Skills:
 + Level 20.7 Fighting
 + Level 17.2(19.2) Axes
 - Level 15.7(19.4) Maces & Flails
 + Level 21.1 Armour
 - Level 14.0 Dodging
 - Level 18.0 Shields
 - Level 3.2 Spellcasting
 - Level 19.3 Evocations


You had 31 spell levels left.
You didn't know any spells.
Your spell library contained the following spells:

 Spells                   Type           Power      Damage    Failure   Level
 Freeze                   Ice            4%         1d3       100%        1
 Kiss of Death            Conj/Necr      4%         2d5       100%        1
 Magic Dart               Conj           4%         1d3       100%        1
 Sandblast                Erth           2%         2d4       100%        1
 Shock                    Conj/Air       4%         1d3       100%        1
 Sting                    Tmut/Pois      4%         1d3       100%        1
 Summon Small Mammal      Summ           4%         N/A       100%        1
 Blink                    Tloc           2%         N/A       100%        2
 Call Imp                 Summ           2%         N/A       100%        2
 Cigotuvi's Dreadful Rot  Necr/Pois/Air  2%         N/A       100%        2
 Ensorcelled Hibernation  Hex/Ice        2%         N/A       100%        2
 Lesser Beckoning         Tloc           2%         N/A       100%        2
 Momentum Strike          Conj/Tloc      2%         3d8       100%        2
 Passwall                 Tmut/Erth      0%         N/A       100%        2
 Poisonous Vapours        Pois/Air       2%         N/A       100%        2
 Scorch                   Fire           4%         2d5       100%        2
 Searing Ray              Conj           2%         2d4       100%        2
 Sublimation of Blood     Necr           1%         N/A       100%        2
 Wereblood                Tmut           1%         N/A       100%        2
 Call Canine Familiar     Summ           1%         N/A       100%        3
 Confusing Touch          Hex            1%         N/A       100%        3
 Frozen Ramparts          Ice            2%         1d1       100%        3
 Hailstorm                Conj/Ice       1%         3d3       100%        3
 Ignite Poison            Fire/Tmut/Pois 2%         N/A       100%        3
 Inner Flame              Hex/Fire       2%         N/A       100%        3
 Mephitic Cloud           Conj/Pois/Air  1%         N/A       100%        3
 Portal Projectile        Hex/Tloc       2%         N/A       100%        3
 Stone Arrow              Conj/Erth      2%         3d7       100%        3
 Summon Guardian Golem    Hex/Summ       1%         N/A       100%        3
 Swiftness                Air            1%         N/A       100%        3
 Volatile Blastmotes      Fire/Tloc      4%         2d10      100%        3
 Airstrike                Air            0%         2d(1-17)  100%        4
 Anguish                  Hex/Necr       0%         N/A       100%        4
 Animate Armour           Summ/Erth      2%         N/A       100%        4
 Cause Fear               Hex            0%         N/A       100%        4
 Dispel Undead            Necr           1%         3d6       100%        4
 Flame Wave               Conj/Fire      2%         2d4       100%        4
 Fulminant Prism          Conj/Hex       0%         3d5       100%        4
 Iskenderun's Mystic Bla  Conj/Tloc      1%         2d3       100%        4
 Manifold Assault         Tloc           1%         N/A       100%        4
 Olgreb's Toxic Radiance  Pois           1%         N/A       100%        4
 Petrify                  Tmut/Erth      1%         N/A       100%        4
 Sticky Flame             Conj/Fire      2%         2d3       100%        4
 Summon Ice Beast         Ice/Summ       1%         N/A       100%        4
 Summon Lightning Spire   Summ/Air       1%         N/A       100%        4
 Vhi's Electric Charge    Tloc/Air       2%         N/A       100%        4
 Alistair's Intoxication  Tmut/Pois      0%         N/A       100%        5
 Arcjolt                  Conj/Air       0%         1d10      100%        5
 Borgnjor's Vile Clutch   Necr/Erth      0%         N/A       100%        5
 Fireball                 Conj/Fire      1%         3d3       100%        5
 Freezing Cloud           Conj/Ice/Air   0%         6-21      100%        5
 Irradiate                Conj/Tmut      0%         3d11      100%        5
 Iskenderun's Battlesphe  Conj           1%         2d6       100%        5
 Lee's Rapid Deconstruct  Erth           0%         3d4*      100%        5
 Metabolic Englaciation   Hex/Ice        0%         N/A       100%        5
 Yara's Violent Unravell  Hex/Tmut       0%         3d3       100%        5
 Conjure Ball Lightning   Conj/Air       0%         3x3d6     100%        6
 Dispersal                Tloc           0%         N/A       100%        6
 Eringya's Noxious Bog    Tmut/Pois      0%         4d6       100%        6
 Leda's Unmaking          Conj/Erth      0%         9d1       100%        6
 Plasma Beam              Fire/Air       1%         2x1d11    100%        6
 Starburst                Conj/Fire      1%         6d3       100%        6
 Orb of Destruction       Conj           0%         9d5       100%        7
 Spellforged Servitor     Conj/Summ      0%         N/A       100%        7
 Summon Hydra             Summ           0%         N/A       100%        7
 Discord                  Hex            0%         N/A       100%        8
 Disjunction              Tloc           0%         N/A       100%        8
 Ignition                 Fire           1%         3d3       100%        8
 Lehudib's Crystal Spear  Conj/Erth      0%         10d2      100%        8
 Summon Horrible Things   Summ           0%         N/A       100%        8
 Chain Lightning          Conj/Air       0%         2d1       100%        9
 Dragon's Call            Summ           0%         N/A       100%        9
 Fire Storm               Conj/Fire      1%         7d1       100%        9
 Shatter                  Erth           0%         3d5*      100%        9
 Simulacrum               Ice/Necr       Unusable   N/A       N/A         6

Dungeon Overview and Level Annotations

Branches:
Dungeon (15/15)            Temple (1/1) D:5            Lair (5/5) D:10
  Swamp (4/4) Lair:2        Snake (4/4) Lair:2        Slime (0/5) Lair:5
    Orc (2/2) D:9             Elf (3/3) Orc:2        Vaults (5/5) D:14
  Crypt (0/3) Vaults:3     Depths (4/4) D:15            Zot (5/5) Depths:4
  IceCv (visited)          WizLab (visited)         Gauntlet (visited)

Altars:
Ashenzari
Cheibriados
Dithmenos
Elyvilon
Fedhas
Gozag
Hepliaklqana
Kikubaaqudgha
Makhleb
Nemelex Xobeh
Okawaru
Qazlal
Ru
Sif Muna
Trog
Uskayaw
Vehumet
Wu Jian
Xom
Yredelemnul
Zin
The Shining One
Jiyva

Shops:
D:8 (   D:14 *   Orc:1 [   Orc:2 [*(=   Elf:3 ?   Snake:1 ?**[:   Snake:2 [=
Snake:3 (*   Snake:4 (   Vaults:2 [:   Vaults:5 (   Depths:2 [   Depths:3 :

Portals:
Hell: Depths:1 Depths:2 Depths:3 Depths:4
Abyss: Depths:3
Pandemonium: Depths:1 Depths:2
Ziggurat: Depths:1

Annotations:
D:3 Terence
D:4 exclusion: 2 downstairs
Lair:2 3 runed translucent doors, exclusions: downstairs and oklob plant, zero's ghost, journeyman DEEE
Lair:3 exclusion: 2 oklob plants
Swamp:1 exclusion: downstairs
Snake:1 Roxanne
Snake:3 3 runed translucent doors, exclusion: obsidian statue, Pitzov's ghost, adept DECj
Elf:1 3 runed translucent doors, exclusion: 3 doors
Depths:3 Jory
Zot:1 1 transporter


Innate Abilities, Weirdness & Mutations

You are completely covered in rugged brown scales. (AC +3, +7% HP)
Armour fits poorly on your strangely shaped body.
You have a long armoured tail.
You roll when moving toward enemies. (Rampage)
Your long tongue fully drains potion bottles. (2x potion effects)
Your tongue gives you trouble enunciating. (1.5x scroll delay)
Your skin changes colour to match your surroundings (Stealth+).
You are clumsy. (Dex -2)
You are dopey. (Int -2)
You are weak. (Str -2)


Message History

You kill the chaos spawn!
The chaos spawn degenerates into a cloud of primal chaos!
No target in view!
No target in view!
No target in view!
Okay, then.
Aiming: Dig
Press: ? - help, Shift-Dir - straight line A rock wall.
This square is covered in magical glow.
The rock shatters into small pieces.
There is an escape hatch in the ceiling here.
A mysterious force pulls you upwards. The hatch slams shut behind you.
Aiming: Dig
Press: ? - help, Shift-Dir - straight line A rock wall.
This square is covered in magical glow.
The rock shatters into small pieces.
You see here 6 stones.
Aiming: Dig
Press: ? - help, Shift-Dir - straight line A rock wall.
This square is covered in magical glow.
The rock shatters into small pieces.
There is a stone staircase leading up here.
You climb upwards.
There is a stone staircase leading down here.
Aiming: Dig
Press: ? - help, Shift-Dir - straight line A rock wall.
This square is covered in magical glow.
The rock shatters into small pieces.
Aiming: Dig
Press: ? - help, Shift-Dir - straight line A rock wall.
This square is covered in magical glow.
The rock shatters into small pieces.
There is a staircase leading out of the dungeon here.
Char dumped successfully.
You have escaped!

# ###.###
#...##...##........
#.....#
#..##....##.#.#.###
######.....#
#..#.....##.#......
...........#
#..#.8......#...###
######.....#
#..#....##.........
#.....#
#..##...###.....###
#####.# #...##..#
###(..### #.####....#..#
#.....# #....'.@..+..#
#.....# ####
######....#..#####.#.#..
...# #..................
...####
#..##...#####.#.##.
......# #..#....#
#.#.... ......#
#..#.8..# #.###..
...^..#
#..#....#####.###.#
...####
#..##.............. ...#
#...##.............


There were no monsters in sight!

Vanquished Creatures
  4 dread liches (Zot:5)
  2 orbs of fire
  Sojobo (Vaults:2)
  The ghost of Bahe the Ruinous, a veteran DgCj (Depths:2)
  A Killer Klown (Zot:5)
  Xtahua (Vaults:5)
  A curse toe (Zot:5)
  Saint Roka (Vaults:2)
  10 golden dragons
  Nikola (Vaults:2)
  An electric golem (Zot:5)
  A Brimstone Fiend (Depths:1)
  A lich (Vaults:5)
  9 tentacled monstrosities
  Zenata (Elf:1)
  19 Orb Guardians
  2 titans
  6 quicksilver dragons
  Asterion (Vaults:3)
  A walking divine tome (Depths:3)
  2 walking earthen tomes
  6 sphinxes
  2 deep elf blademasters
  An Executioner (Depths:4)
  An ancient champion (Vaults:3)
  A thorn hunter (Swamp:1)
  Agnes (Elf:2)
  7 tengu reavers
  Frances (Elf:1)
  3 death cobs
  Kirke (Snake:4)
  9 shadow dragons
  19 storm dragons
  Aizul (Snake:1)
  6 nagarajas
  9 draconian monks
  Donald (Orc:2)
  A draconian knight (WizLab)
  A balrug (Depths:4)
  6 frost giants
  4 fire giants
  An azure jelly (shapeshifter) (Vaults:1)
  5 iron dragons
  5 deep elf sorcerers (Elf:3)
  17 vault wardens
  2 orc warlords (Orc:2)
  4 deep elf elementalists (Elf:3)
  2 ghost moths
  Louise (Depths:3)
  A cacodemon (D:10)
  20 ironbound preservers
  2 draconian stormcallers
  2 war gargoyles (Vaults:4)
  5 stone giants
  A draconian shifter (Zot:3)
  A spriggan defender (Depths:2)
  6 formless jellyfish
  11 very ugly things
  7 ironbound thunderhulks
  3 draconian annihilators
  5 black draconians
  2 vampire knights (Depths:3)
  17 green draconians
  5 deep elf demonologists
  13 white draconians
  6 deep elf annihilators (Elf:3)
  6 red draconians
  4 eleionomae
  6 spark wasps
  A minotaur (Gauntlet)
  The ghost of kae the Mimic, a journeyman DsSh of Wu Jian (Lair:3)
  Azrael (D:13)
  9 bunyips
  16 dire elephants
  A bunyip (shapeshifter) (Vaults:5)
  4 yellow draconians
  25 purple draconians
  7 statues (WizLab)
  11 ettins
  An ettin (shapeshifter) (Vaults:5)
  4 deep elf death magi (Elf:3)
  2 green deaths (Swamp:4)
  Josephine (D:11)
  2 merfolk impalers (Depths:2)
  7 fire dragons
  13 yaktaur captains
  3 entropy weavers
  3 salamander tyrants
  4 great orbs of eyes
  3 shambling mangroves
  11 deep elf high priests
  A rakshasa (D:13)
  3 ice dragons
  A spriggan air mage (Depths:3)
  2 ogre magi
  10 alligators
  23 hydras
  13 two-headed ogres
  Erolcha (D:13)
  10 anacondas
  2 peacekeepers (Vaults:4)
  19 centaur warriors
  10 ironbound frosthearts
  11 naga warriors
  29 vault guards
  2 boulder beetles
  37 dancing weapons
  A shock serpent (Snake:3)
  6 deep troll earth magi
  3 spriggan berserkers
  9 deep troll shamans
  5 death yaks
  6 tengu warriors
  11 naga sharpshooters
  6 orc high priests
  Urug (D:13)
  4 sun demons (Depths:4)
  4 hell knights
  4 salamander mystics
  21 deep elf knights
  A skyshark (Lair:5)
  6 skeletal warriors
  2 goliath frogs (Swamp:4)
  7 iron trolls
  3 death drakes (Depths:4)
  A death drake (shapeshifter) (D:13)
  An orange crystal statue (IceCv)
  7 naga ritualists
  2 spriggan druids
  11 deep elf archers
  56 deep trolls
  6 swamp dragons
  6 lindwurms
  5 wizards
  12 bog bodies
  5 glowing orange brains
  4 orc knights (Orc:2)
  18 ironbound convokers
  2 necromancers
  28 deep elf zephyrmancers
  A mana viper (shapeshifter) (Depths:3)
  10 mana vipers
  2 phantasmal warriors
  49 ugly things
  38 deep elf pyromancers
  5 cyclopes
  7 orc sorcerers
  A wolf spider (Lair:5)
  A cyclops (shapeshifter) (Elf:1)
  13 salamanders
  2 manticores
  4 will-o-the-wisps
  10 moths of wrath
  A faun (shapeshifter) (Vaults:5)
  33 black mambas
  3 guardian serpents
  2 centaur zombies (D:15)
  20 vault sentinels
  5 rust devils
  A water nymph (shapeshifter) (Elf:1)
  10 cane toads
  2 gargoyles
  15 naga magi
  A torpor snail (Lair:3)
  An eye of devastation (Gauntlet)
  Maggie (Lair:2)
  2 efreet
  2 minotaur zombies (Gauntlet)
  A hellion (Zot:1)
  3 orange demons (Swamp:4)
  An unseen horror (D:12)
  19 rime drakes
  A freezing wraith (D:15)
  38 yaktaurs
  2 kobold demonologists (D:12)
  6 komodo dragons
  12 tengu conjurers
  A red devil (Depths:2)
  3 meliai (D:14)
  2 bloated husks
  17 polar bears (IceCv)
  A wolf spider simulacrum (D:15)
  9 tyrant leeches
  4 trolls
  27 hornets
  30 blink frogs
  8 dream sheep
  A dream sheep (shapeshifter) (Vaults:4)
  27 slime creatures
  A ynoxinul (Zot:5)
  9 wraiths
  A jumping spider (Vaults:2)
  19 spriggans
  4 shadows
  6 water elementals
  3 air elementals (Elf:1)
  A vampire (D:8)
  A culicivora (shapeshifter) (Elf:3)
  3 hogs (Snake:4)
  10 fire elementals
  41 yaks
  14 wyverns
  Grum (D:11)
  A chaos spawn (D:3)
  2 neqoxecs
  A steam dragon (D:10)
  6 basilisks
  3 redbacks
  12 vampire mosquitoes
  Menkaure (D:4)
  3 wargs
  61 nagas
  13 swamp worms
  7 acid dragons
  A large abomination (Swamp:4)
  2 hell hounds
  A floating eye (Gauntlet)
  32 water moccasins
  6 swamp drakes
  36 orc warriors
  A black bear (Lair:1)
  7 ogres
  8 boggarts
  9 wolves
  A tengu (shapeshifter) (Elf:2)
  6 centaurs
  2 kobold brigands
  12 bullfrogs
  An earth elemental (Elf:3)
  A scorpion (D:4)
  2 gnoll sergeants
  12 wights
  A killer bee (D:8)
  2 electric eels (Lair:2)
  9 howler monkeys
  4 lava snakes (Lair:2)
  6 jellies
  4 hounds
  2 gnoll boudas
  36 orc priests
  A sleepcap (D:6)
  35 orc wizards
  5 iguanas
  23 gnolls
  7 adders
  A shadow imp (D:8)
  A white imp (D:5)
  3 ufetubi
  2 worms
  2 dart slugs
  119 orcs
  5 ball pythons
  8 bats
  7 endoplasms
  10 giant cockroaches
  7 hobgoblins
  3 quokkas
  3 frilled lizards
  7 goblins
  11 kobolds
  5 rats (D:1)
  A ball lightning (Depths:2)
  A butterfly (Lair:3)
  A spectral weapon (Vaults:3)
2027 creatures vanquished.

Vanquished Creatures (collateral kills)
  An ancient lich (Vaults:5)
  A golden dragon (Depths:2)
  A walking crystal tome (Depths:3)
  A tentacled monstrosity (Vaults:5)
  An Orb Guardian (Zot:5)
  A quicksilver dragon (Zot:4)
  2 sphinxes (Vaults:5)
  3 tengu reavers (Vaults:5)
  A shadow dragon (Zot:3)
  2 frost giants (Depths:2)
  2 vault wardens (Vaults:5)
  An ironbound preserver (Vaults:5)
  4 very ugly things (Vaults:5)
  A stone giant (Vaults:5)
  A black draconian (Zot:5)
  A white draconian (Zot:3)
  2 ettins
  A green death (Depths:2)
  A fire dragon (Depths:1)
  A merfolk impaler (Depths:1)
  A yaktaur captain (Vaults:1)
  2 ice dragons (Depths:1)
  A great orb of eyes (Vaults:1)
  A vault guard (Vaults:5)
  A deep troll shaman (Depths:1)
  2 deep troll earth magi
  A sun demon (Depths:2)
  A soul eater (Depths:2)
  A sixfirhy (D:10)
  3 hell knights (Vaults:5)
  3 iron trolls (Depths:2)
  2 deep trolls (Depths:2)
  A glowing orange brain (Depths:2)
  A glowing orange brain (shapeshifter) (Vaults:5)
  A moth of wrath (Zot:4)
  A smoke demon (Depths:2)
  2 orange demons
  2 ice devils (Depths:2)
  3 yaktaurs
59 creatures vanquished.

Vanquished Creatures (others)
  An orb of fire (Zot:5)
  4 Killer Klowns
  4 tentacled monstrosities
  2 liches
  4 Orb Guardians (Zot:5)
  A sphinx (Depths:3)
  2 death cobs
  A draconian knight (Zot:3)
  4 frost giants
  A fire giant (Depths:2)
  An ironbound preserver (Vaults:5)
  A very ugly thing (Depths:3)
  2 stone giants (Vaults:5)
  A yellow draconian (Zot:3)
  A purple draconian (Zot:3)
  A statue (WizLab)
  2 merfolk impalers (Depths:2)
  2 vault guards (Vaults:5)
  2 ice dragons (Depths:2)
  A rakshasa (Depths:2)
  2 deep troll shamans
  2 deep troll earth magi
  3 tengu warriors (Depths:1)
  A spriggan berserker (Depths:2)
  4 hell knights (Vaults:5)
  A sun demon (Depths:1)
  A salamander mystic (Depths:2)
  A flayed ghost (Depths:1)
  3 deep trolls
  2 ironbound convokers (Vaults:5)
  2 salamanders (Depths:1)
  2 vault sentinels (Vaults:5)
  A smoke demon (Depths:1)
  An orange demon (Depths:1)
  A hellion (Depths:1)
  A yaktaur (Vaults:5)
  An ice devil (Depths:1)
  3 bloated husks
  A naga (Snake:1)
  An iguana (Lair:5)
  3 ball lightnings (Depths:2)
  12 foxfires
87 creatures vanquished.

Grand Total: 2173 creatures vanquished

Notes
Turn   | Place    | Note
-------+----------+-------------------------------------------
     0 | D:1      | octothorp the Armataur Fighter began the quest for the Orb.
     0 | D:1      | Reached XP level 1. HP: 19/19 MP: 1/1
   252 | D:1      | Reached XP level 2. HP: 26/26 MP: 2/2
   925 | D:2      | Reached XP level 3. HP: 31/32 MP: 3/3
  1329 | D:2      | Reached XP level 4. HP: 37/39 MP: 4/4
  1957 | D:3      | Noticed Terence
  2259 | D:3      | Identified the ring "Waebig Rew" {rElec rF+ AC+4 Int-3}
  2291 | D:3      | Reached XP level 5. HP: 42/44 MP: 5/5
  2421 | D:3      | Reached skill level 5 in Maces & Flails
  2949 | D:4      | Noticed an ogre
  2950 | D:4      | Noticed Menkaure
  3018 | D:4      | Killed an ogre
  3019 | D:4      | Reached XP level 6. HP: 25/53 MP: 6/6
  3549 | D:5      | Entered Level 5 of the Dungeon
  3569 | D:5      | Noticed a troll
  3569 | D:5      | Found a staircase to the Ecumenical Temple.
  3771 | D:4      | Killed Menkaure
  3772 | D:4      | Reached XP level 7. HP: 31/60 MP: 7/7
  4273 | D:4      | Gained mutation: Your body sometimes deteriorates upon
                  | taking damage. [potion of mutation]
  4273 | D:4      | Gained mutation: You are clumsy. (Dex -2) [potion of
                  | mutation]
  4273 | D:4      | Gained mutation: You have a pair of small horns on your
                  | head. [potion of mutation]
  4277 | D:4      | Killed a troll
  4278 | D:4      | Reached XP level 8. HP: 38/71 MP: 8/8
  4459 | Temple   | Entered the Ecumenical Temple
  4493 | Temple   | Became a worshipper of Gozag Ym Sagoz the Greedy
  4993 | D:6      | Reached skill level 5 in Fighting
  5173 | D:6      | Found a burning altar of Makhleb.
  6458 | D:7      | Reached XP level 9. HP: 80/80 MP: 9/9
  7006 | D:8      | Reached skill level 10 in Maces & Flails
  7286 | D:8      | Found Uwu Ruy's Antique Weapon Emporium.
  7746 | D:8      | Noticed a two-headed ogre
  8014 | D:8      | Killed a two-headed ogre
  8138 | D:8      | Identified the +0 chain mail of the Sun {rN+ Str+5}
  8299 | D:9      | Noticed a two-headed ogre
  8381 | D:9      | Noticed a two-headed ogre
  8669 | D:8      | Reached XP level 10. HP: 47/92 MP: 10/10
  8827 | D:9      | Reached skill level 1 in Evocations
  8855 | D:9      | Killed a two-headed ogre
  9056 | D:9      | Killed a two-headed ogre
  9612 | D:9      | Paralysed by a hornet for 2 turns
  9864 | D:9      | Found a staircase to the Orcish Mines.
 10086 | D:10     | Entered Level 10 of the Dungeon
 10542 | D:10     | Reached skill level 5 in Evocations
 10640 | D:10     | Found a staircase to the Lair.
 11081 | D:11     | Reached XP level 11. HP: 100/101 MP: 11/11
 11106 | D:11     | Found a gate leading to a gauntlet.
 11168 | Gauntlet | Entered a Gauntlet
 11168 | Gauntlet | Found a transporter.
 11168 | Gauntlet | Found a transporter.
 11169 | Gauntlet | Noticed a large abomination
 11177 | Gauntlet | Found a transporter.
 11181 | Gauntlet | Found a transporter.
 11189 | Gauntlet | Found a transporter.
 11193 | Gauntlet | Found a transporter.
 11201 | Gauntlet | Found a transporter.
 11218 | Gauntlet | Found a transporter.
 11218 | Gauntlet | Noticed a wretched star
 11223 | Gauntlet | Found a transporter.
 11243 | Gauntlet | Found a transporter.
 11251 | Gauntlet | Found a transporter.
 11255 | Gauntlet | Found a transporter.
 11340 | Gauntlet | Paralysed by a hornet for 3 turns
 11517 | Gauntlet | Identified the +8 scale mail "Hugoecem" {rF+}
 11842 | Gauntlet | Identified the +1 leather armour of Fanaez {rF+ Will- Dex+2
                  | Stlth+}
 11857 | Gauntlet | Identified the +3 glaive of Midiu {venom, *Corrode rPois
                  | Int+4 Dex+4}
 11857 | Gauntlet | Noticed a minotaur
 11887 | Gauntlet | Killed a minotaur
 12117 | Gauntlet | Identified the +5 hand axe of Traps {speed, Will+++ Str-3}
 12565 | D:11     | Noticed Grum
 12581 | D:11     | Killed Grum
 12763 | D:11     | Reached skill level 4 in Armour
 12884 | D:11     | Noticed a two-headed ogre
 12910 | D:11     | Killed a two-headed ogre
 13065 | D:11     | Noticed Josephine
 13207 | D:11     | Noticed a centaur warrior
 13214 | D:11     | Reached skill level 5 in Armour
 13218 | D:11     | Killed a centaur warrior
 13585 | D:11     | Reached skill level 6 in Armour
 14013 | Lair:1   | Entered Level 1 of the Lair of Beasts
 14136 | Lair:1   | Reached skill level 10 in Fighting
 14535 | Lair:1   | Reached skill level 7 in Armour
 14535 | Lair:1   | Reached XP level 12. HP: 113/113 MP: 12/12
 14971 | D:8      | Bought the +8 mithril axe "Arga" {speed, Will+} for 1292
                  | gold pieces
 14971 | D:8      | Found the +8 mithril axe "Arga" {speed, Will+}
 15129 | Lair:1   | Reached skill level 1 in Axes
 15600 | Lair:2   | Identified the +4 hand axe of Duty {holy, Str+5}
 15638 | Lair:2   | Found a runed translucent gate.
 15638 | Lair:2   | Found a runed translucent gate.
 15638 | Lair:2   | Found a runed translucent gate.
 15640 | Lair:2   | Noticed zero's ghost (journeyman DEEE)
 15889 | Lair:2   | Reached skill level 5 in Axes
 16074 | Lair:2   | Found a staircase to the Snake Pit.
 16250 | Lair:2   | Found a staircase to the Swamp.
 16288 | Lair:2   | Noticed Maggie
 16296 | Lair:2   | Killed Maggie
 16472 | Lair:2   | Noticed an eight-headed hydra
 16482 | Lair:2   | Killed an eight-headed hydra
 16869 | Lair:3   | Noticed an eight-headed hydra
 17335 | Lair:3   | Found a shimmering altar of Xom.
 17403 | Lair:3   | Reached XP level 13. HP: 44/121 MP: 13/13
 18074 | Lair:3   | Noticed kae's ghost (journeyman DsSh)
 18083 | Lair:3   | Found a runed translucent gate.
 18083 | Lair:3   | Found a runed translucent gate.
 18083 | Lair:3   | Found a runed translucent gate.
 18354 | Lair:3   | Found a blossoming altar of Fedhas.
 18709 | Lair:4   | Reached skill level 10 in Axes
 19001 | Lair:4   | HP: 6/121 [poisoned by a black mamba]
 19769 | Lair:5   | Entered Level 5 of the Lair of Beasts
 19811 | Lair:5   | Reached skill level 5 in Shields
 21569 | Lair:5   | Reached XP level 14. HP: 93/130 MP: 14/14
 21935 | Lair:5   | Found a staircase to the Slime Pits.
 21935 | Lair:5   | Found a viscous altar of Jiyva.
 22633 | Lair:5   | Reached skill level 10 in Shields
 22726 | Lair:5   | Got the Octavo of Correspondence
 22976 | Snake:1  | Entered Level 1 of the Snake Pit
 23306 | Snake:1  | Found Suopluri's Antique Armour Boutique.
 23307 | Snake:1  | Identified the +3 chain mail of the Zebra {Int+6}
 23325 | Snake:1  | Bought a pair of glowing gloves for 240 gold pieces
 23342 | Snake:1  | Bought a glowing chain mail for 240 gold pieces
 23368 | Snake:1  | Noticed Roxanne
 23370 | Snake:1  | Found Mulel's General Store.
 23380 | Snake:1  | Bought a potion of heal wounds for 70 gold pieces
 23380 | Snake:1  | Bought a scroll of teleportation for 42 gold pieces
 23380 | Snake:1  | Bought 2 scrolls of fog for 112 gold pieces
 23380 | Snake:1  | Bought a box of beasts for 560 gold pieces
 23985 | Snake:1  | Noticed Aizul
 24014 | Snake:1  | Killed Aizul
 24409 | Snake:1  | Found Verghoahigh's Book Emporium.
 24440 | Snake:1  | Found Haxzeum's Magic Scroll Emporium.
 24509 | Snake:1  | Bought a scroll of silence for 152 gold pieces
 24509 | Snake:1  | Bought a scroll of blinking for 120 gold pieces
 24535 | Snake:1  | Found Umig's Assorted Antiques.
 24744 | Snake:2  | Found Fiklaot's Antique Armour Shoppe.
 24888 | Snake:2  | Bought a glowing chain mail for 345 gold pieces
 24888 | Snake:2  | Found Paugrum's Jewellery Emporium.
 25167 | Snake:2  | Noticed a nagaraja
 25187 | Snake:2  | Killed a nagaraja
 25321 | Snake:2  | Reached XP level 15. HP: 133/135 MP: 15/15
 26524 | Snake:3  | Noticed a nagaraja
 26531 | Snake:3  | Killed a nagaraja
 26707 | Snake:3  | Found a stormy altar of Qazlal.
 26931 | Snake:3  | Found Sijexkir's Antique Weapon Boutique.
 27366 | Snake:3  | Found a runed translucent gate.
 27366 | Snake:3  | Found a runed translucent gate.
 27367 | Snake:3  | Found a runed translucent gate.
 27368 | Snake:3  | Found an opulent altar of Gozag.
 27368 | Snake:3  | Found Zehoyfu's Assorted Antiques.
 27370 | Snake:3  | Noticed Pitzov's ghost (adept DECj)
 27478 | Snake:4  | Entered Level 4 of the Snake Pit
 28541 | Snake:4  | Reached skill level 15 in Axes
 29419 | Snake:4  | Found Riotih's Weapon Shop.
 29762 | Snake:4  | Noticed a nagaraja
 29771 | Snake:4  | Killed a nagaraja
 30447 | Snake:4  | Noticed Kirke
 30943 | Snake:4  | Killed Kirke
 30944 | Snake:4  | Reached XP level 16. HP: 137/144 MP: 16/16
 31243 | Snake:4  | Got a serpentine rune of Zot
 31749 | Orc:1    | Entered Level 1 of the Orcish Mines
 31749 | Orc:1    | Found Gilycsuk's Antique Armour Shoppe.
 32145 | Orc:2    | Entered Level 2 of the Orcish Mines
 32155 | Orc:2    | Reached skill level 8 in Armour
 32286 | Orc:2    | Found a staircase to the Elven Halls.
 32346 | Orc:2    | Found a shimmering blue altar of Sif Muna.
 32964 | Orc:2    | Reached skill level 9 in Armour
 33200 | Orc:2    | Found Meatry's Antique Armour Shop.
 33201 | Orc:2    | Found Neneut's Antique Weapon Shop.
 33202 | Orc:2    | Found Edoir's General Store.
 33202 | Orc:2    | Found Eduar's Jewellery Boutique.
 33209 | Orc:2    | Bought a scroll of summoning for 171 gold pieces
 33219 | Orc:2    | Bought a runed plate armour for 910 gold pieces
 33434 | Orc:2    | Noticed Donald
 33444 | Orc:2    | Killed Donald
 33992 | Snake:2  | Bought an amulet of reflection for 540 gold pieces
 34027 | Snake:2  | Bought the ring "Cacuz" {rC+ Will+} for 676 gold pieces
 34109 | Swamp:1  | Entered Level 1 of the Swamp
 34130 | Swamp:1  | Reached skill level 10 in Armour
 35492 | Swamp:2  | Noticed a thorn hunter
 35503 | Swamp:2  | Reached skill level 11 in Armour
 35573 | Swamp:1  | Killed a thorn hunter
 36144 | Swamp:2  | Reached skill level 12 in Armour
 36482 | Swamp:2  | Reached XP level 17. HP: 42/156 MP: 17/17
 37053 | Swamp:3  | Lost mutation: You have a pair of small horns on your head.
                  | [potion of mutation]
 37053 | Swamp:3  | Lost mutation: Your body sometimes deteriorates upon taking
                  | damage. [potion of mutation]
 37053 | Swamp:3  | Lost mutation: You are clumsy. (Dex -2) [potion of
                  | mutation]
 37053 | Swamp:3  | Gained mutation: You are dopey. (Int -2) [potion of
                  | mutation]
 37053 | Swamp:3  | Lost mutation: You are dopey. (Int -2) [potion of mutation]
 37053 | Swamp:3  | Gained mutation: Your skin changes colour to match your
                  | surroundings (Stealth+). [potion of mutation]
 37266 | Swamp:4  | Entered Level 4 of the Swamp
 37274 | Swamp:4  | Reached skill level 10 in Evocations
 37440 | Swamp:4  | Noticed a tentacled monstrosity
 37453 | Swamp:4  | Killed a tentacled monstrosity
 38325 | Swamp:4  | Reached skill level 1 in Dodging
 39172 | Swamp:4  | Noticed a tentacled monstrosity
 39180 | Swamp:4  | Killed a tentacled monstrosity
 39473 | Swamp:4  | Got a decaying rune of Zot
 39877 | D:11     | Killed Josephine
 39939 | D:12     | Reached skill level 5 in Dodging
 40934 | D:13     | Noticed Urug
 40943 | D:13     | Killed Urug
 41018 | D:13     | Reached XP level 18. HP: 108/164 MP: 18/18
 41247 | D:13     | Noticed Azrael
 41269 | D:13     | Killed Azrael
 41369 | D:13     | Noticed Erolcha
 41384 | D:13     | Killed Erolcha
 41934 | D:14     | Found Qall's General Store.
 41939 | D:14     | Bought a potion of curing for 57 gold pieces
 42331 | D:14     | Found a gate to the Vaults.
 42441 | D:15     | Entered Level 15 of the Dungeon
 42537 | D:15     | Found a frozen archway.
 42596 | IceCv    | Entered an ice cave
 42664 | IceCv    | Found the +4 skin of Zhor {*Englaciate rC+++ SInv}
 43084 | IceCv    | Identified the +0 pair of gloves of Mezcal {Int+7}
 43192 | IceCv    | Reached skill level 10 in Dodging
 43922 | D:15     | Found a staircase to the Depths.
 43928 | D:15     | Reached skill level 1 in Spellcasting
 44108 | D:15     | Found a sparkling altar of Nemelex Xobeh.
 44203 | Depths:1 | Entered Level 1 of the Depths
 44744 | Depths:1 | Found a gateway to Hell.
 45111 | Depths:1 | Found a one-way gate leading to the halls of Pandemonium.
 45183 | Depths:1 | Found a one-way gateway to a ziggurat.
 45361 | Depths:1 | Reached XP level 19. HP: 155/172 MP: 18/22
 45772 | Depths:2 | Found Ythujal's Antique Armour Emporium.
 45808 | Depths:2 | Bought a pitted helmet for 361 gold pieces
 45808 | Depths:2 | Identified the +2 helmet "Dogevas" {Int+5} (You bought it
                  | in a shop on level 2 of the Depths)
 45835 | Depths:1 | Reached skill level 13 in Armour
 46498 | Depths:2 | Found a runed translucent gate.
 46501 | Depths:2 | Found a runed translucent gate.
 46502 | Depths:2 | Found a runed translucent gate.
 46628 | Depths:2 | Noticed a golden dragon
 46629 | Depths:2 | Noticed Bahe's ghost (veteran DgCj)
 46772 | Depths:2 | Killed a golden dragon
 46798 | Depths:2 | Killed Bahe's ghost
 47026 | Depths:2 | Reached skill level 15 in Shields
 47026 | Depths:2 | Reached XP level 20. HP: 181/181 MP: 24/24
 47026 | Depths:2 | Reached XP level 21. HP: 188/188 MP: 25/25
 47633 | Depths:2 | Noticed a golden dragon
 47652 | Depths:2 | Killed a golden dragon
 47747 | Depths:2 | Identified the +8 lajatang of Ignis's Brutal Revenge
                  | {drain, rN+++ MP+9 Str-3 Stlth+}
 48040 | Depths:3 | Found a one-way gate to the infinite horrors of the Abyss.
 48040 | Depths:3 | Identified the +1 tower shield of the Catfish {-Tele Will+
                  | Int+2}
 48040 | Depths:3 | Noticed Louise
 48056 | Depths:3 | Killed Louise
 48837 | Depths:3 | Noticed a golden dragon
 48846 | Depths:3 | Killed a golden dragon
 48883 | Depths:3 | Found the +10 pair of quick blades "Gyre" and "Gimble"
                  | {protect}
 48895 | Depths:3 | Identified the +6 scimitar of Yghesk {freeze, rF+ rC+}
 48900 | Depths:3 | Got the Enchiridion on Putrid Shapes
 48910 | Depths:3 | Got the Parchment of the Glowing Shapeshifter
 49016 | Depths:3 | Noticed Jory
 49063 | Depths:3 | Found Noger's Vocational Training.
 49075 | Depths:3 | Bought a manual of Evocations for 1600 gold pieces
 49220 | Depths:4 | Entered Level 4 of the Depths
 50492 | Depths:4 | Reached skill level 15 in Evocations
 50526 | Depths:4 | Reached XP level 22. HP: 126/195 MP: 18/26
 50586 | Depths:4 | Found a gate to the Realm of Zot.
 50945 | Depths:4 | Noticed a golden dragon
 50969 | Depths:4 | Killed a golden dragon
 51176 | Depths:4 | Noticed a golden dragon
 51201 | Depths:4 | Killed a golden dragon
 51431 | Depths:4 | Identified the ring "Cuyfaj" {rF+ rC+ Int+3 Dex-2}
 51540 | Depths:4 | Noticed a golden dragon
 51554 | Depths:4 | Killed a golden dragon
 52255 | Depths:4 | Identified the scarf of the Trees {rC+ rF+, Str+5}
 52574 | Vaults:1 | Entered Level 1 of the Vaults
 55123 | Vaults:2 | Reached skill level 15 in Fighting
 55212 | Vaults:2 | Noticed Saint Roka
 55232 | Vaults:2 | Killed Saint Roka
 55248 | Vaults:2 | Reached XP level 23. HP: 156/212 MP: 18/27
 55375 | Vaults:2 | Noticed Nikola
 55389 | Vaults:2 | Killed Nikola
 55618 | Vaults:2 | Noticed Sojobo
 55650 | Vaults:2 | Killed Sojobo
 55877 | Vaults:2 | Bought +2 gold dragon scales for 1656 gold pieces
 56325 | Vaults:2 | Found Hapugo's Book Shop.
 56793 | Vaults:3 | Found a staircase to the Crypt.
 57106 | Vaults:3 | Reached skill level 14 in Armour
 57160 | Vaults:3 | Noticed Asterion
 57170 | Vaults:3 | Killed Asterion
 57489 | Vaults:3 | Identified the ring of Atwoskoh {Fire +Blink Will++ Slay-3
                  | SInv}
 57960 | Vaults:4 | Reached skill level 15 in Armour
 59284 | Vaults:4 | Reached skill level 16 in Armour
 59423 | Vaults:5 | Entered Level 5 of the Vaults
 60031 | Vaults:5 | Reached XP level 24. HP: 156/226 MP: 21/27
 60443 | Vaults:5 | Reached skill level 17 in Armour
 60446 | Vaults:5 | Noticed an ancient lich
 60449 | Vaults:5 | Reached skill level 15 in Maces & Flails
 60451 | Vaults:5 | Identified the +5 spear "Ybuc Mos" {heavy, rF+}
 60461 | Vaults:5 | Killed an ancient lich
 60473 | Vaults:5 | Identified the +3 lajatang of Zuahouse {antimagic, rF++
                  | Will- rCorr Int+3 Stlth+}
 61097 | Vaults:5 | Reached skill level 18 in Armour
 61102 | Vaults:5 | Identified the +10 hand axe of Brawling {flame, rElec
                  | Will+}
 61104 | Vaults:5 | Noticed Xtahua
 61522 | Vaults:5 | Killed Xtahua
 61679 | Vaults:5 | Identified a scroll of acquirement
 61704 | Vaults:5 | Acquired the +0 barding of Hoxt {+Inv rN++ Str-5 Stlth+}
 61746 | Vaults:5 | Found the +5 robe of Night {Dark Will+ SInv}
 61798 | Vaults:5 | Identified the staff "Armataur's Curse" {Contam rPois Will+
                  | Earth}
 61859 | Vaults:5 | Found Dabbid's Antique Weapon Shoppe.
 61912 | Vaults:5 | Identified the +4 short sword of Darkness {drain, +Blink
                  | rF+ Int+2}
 61921 | Vaults:5 | Identified the +6 dagger of the Median {pain, Will++ Int-4
                  | Dex+3 Stlth+}
 62183 | Vaults:5 | Identified the +6 orcbow of Wisdom {freeze, Str+2}
 62419 | Vaults:5 | Got a silver rune of Zot
 63363 | Lair:3   | Killed kae's ghost
 63643 | Elf:1    | Entered Level 1 of the Elven Halls
 63671 | Elf:1    | Found a runed translucent gate.
 63671 | Elf:1    | Found a runed translucent gate.
 63671 | Elf:1    | Found a runed translucent gate.
 63686 | Elf:1    | Noticed Zenata
 63701 | Elf:1    | Killed Zenata
 64106 | Elf:1    | Noticed Frances
 64120 | Elf:1    | Killed Frances
 64680 | Elf:1    | Paralysed by an air elemental for 1 turns
 64723 | Elf:1    | Paralysed by an air elemental for 1 turns
 64999 | Elf:2    | Found a magical portal.
 65012 | WizLab   | Entered Iskenderun's Mystic Tower
 65216 | WizLab   | Reached skill level 19 in Armour
 65371 | WizLab   | Reached XP level 25. HP: 110/241 MP: 12/27
 65642 | WizLab   | Got Iskenderun's Parchment of Conjuration
 65642 | WizLab   | Got Iskenderun's Information on Hurting
 66152 | Elf:2    | Noticed Agnes
 66158 | Elf:2    | Killed Agnes
 66251 | Elf:1    | Found an ancient bone altar of Kikubaaqudgha.
 66372 | Elf:2    | Found a runed translucent gate.
 66374 | Elf:2    | Found a runed translucent gate.
 66375 | Elf:2    | Found a runed translucent gate.
 66574 | Elf:2    | Reached skill level 20 in Armour
 66898 | Elf:3    | Entered Level 3 of the Elven Halls
 67504 | Elf:3    | Found Vuec's Magic Scroll Boutique.
 67512 | Elf:3    | Bought a scroll of teleportation for 39 gold pieces
 67512 | Elf:3    | Bought a scroll of teleportation for 39 gold pieces
 67625 | Elf:3    | Identified the +11 rapier of the Viper {heavy, Dex+3}
 67862 | Elf:3    | Identified the +3 rapier of Wuuxyfic {heavy, Int+3}
 67894 | Elf:3    | Identified the +8 trident of Kyckusak {heavy, rElec rPois
                  | Will+ Dex-5}
 67951 | Elf:3    | Identified the +6 scale mail of Shielding {Int+10 Slay-5
                  | Stlth-}
 67983 | Elf:3    | Identified the +3 trident of the Demagogue {freeze, rC- rN+
                  | Int+5}
 67983 | Elf:3    | Identified the ring "Wefiol" {*Slow rN+ Will+ Int+3 Dex+2}
 68127 | Elf:3    | Identified the +6 trident "Benu" {flame, rElec rCorr MP+9
                  | Str-5}
 68375 | Elf:3    | Identified the staff "Uttes" {rF+ rC- Int+5 SInv Fire}
 68384 | Elf:3    | Got Mumog's Excursus on Bringing Forth
 68812 | Zot:1    | Entered Level 1 of the Realm of Zot
 68981 | Zot:1    | Noticed an orb of fire
 68993 | Zot:1    | Found a transporter.
 69005 | Zot:1    | Noticed an orb of fire
 69715 | Zot:4    | Noticed a Killer Klown
 69717 | Zot:4    | Noticed an orb of fire
 70688 | Zot:4    | Gained mutation: You are dopey. (Int -2) [an orb of fire]
 70707 | Zot:4    | Gained mutation: You are clumsy. (Dex -2) [an orb of fire]
 70709 | Zot:4    | Killed an orb of fire
 70718 | Zot:4    | Reached XP level 26. HP: 153/255 MP: 0/27
 71351 | Zot:5    | Entered Level 5 of the Realm of Zot
 72286 | Zot:5    | Noticed a dread lich
 72344 | Zot:5    | Noticed an orb of fire
 72362 | Zot:5    | Killed a dread lich
 72381 | Zot:5    | Killed an orb of fire
 72415 | Zot:5    | Noticed a dread lich
 72418 | Zot:5    | Noticed an orb of fire
 72430 | Zot:5    | Killed a dread lich
 72432 | Zot:5    | Gained mutation: You are weak. (Str -2) [an orb of fire]
 72438 | Zot:5    | Killed an orb of fire
 72451 | Zot:5    | Noticed a dread lich
 72467 | Zot:5    | Killed a dread lich
 72484 | Zot:5    | Noticed a dread lich
 72517 | Zot:5    | Killed a dread lich
 73501 | Zot:5    | Got the Orb of Zot
 73633 | Zot:2    | Noticed Qomoyxebb the pandemonium lord
 73752 | Depths:4 | Reached skill level 21 in Armour
 74321 | D:$      | Escaped with the Orb!

Illustrated notes

Levels and vault maps discovered:
D:1:      giann_horns, layout_basic
D:2:      minmay_spotlight, layout_basic
D:3:      minmay_roachtagon, layout_basic, uniq_terence
D:4:      layout_loops_ring, grunt_decor_junction, solitary_fountain,
          uniq_menkaure
D:5:      wander_river, layout_cave_pools, minmay_temple_entry_purple_smoke
D:6:      layout_basic, mainiacjoe_overflow_six_doors_small
D:7:      layout_gridville
D:8:      layout_loops_ring, serial_shops, kennysheep_mini_moat,
          minmay_quadrilaterals
D:9:      layout_irregular_city, erik_orc_4
D:10:     layout_irregular_city, lair_entry_dummy
D:11:     layout_stronghold, gauntlet_entry_generic, uniq_grum, uniq_josephine
D:12:     minmay_s_stair_smasher, layout_gridville, palyth_stone_intersect
D:13:     layout_basic, uniq_urug, uniq_azrael, uniq_erolcha
D:14:     layout_loops_ring, hellmonk_vaults_keyhole, grunt_decor_resistance,
          nicolae_stop_n_shop_2, nicolae_two_hexagons
D:15:     grunt_enter_depths_magical_seal, layout_basic,
          nemelex_spade_bored_becter, portal_ice_cave_entry_ugly_swarm
Temple:   mainiacjoe_temple_hex_bubbles
Lair:1:   layout_cave_pods
Lair:2:   layout_layer_cave, skrybe_swamp_entry_bodies,
          nicolae_snake_entry_warm_welcome, gammafunk_ghost_split,
          nicolae_quartered_pool_impasse, grunt_forest_small_clearing_treed,
          serial_bayou_shore_a, uniq_maggie
Lair:3:   layout_long_grid, gammafunk_ghost_split, basic_altar,
          chequers_serial_rivers_small_b, hangedman_tree_tricks,
          lemuel_fruit_fields
Lair:4:   layout_cave_shapes, grunt_megastairs_4, serial_bayou_shore_b
Lair:5:   hangedman_lair_tendril_chambers, layout_regular_city,
          guppyfry_lair_end_dragon, nicolae_slime_entry_slimehenge,
          infiniplex_staircase_pool_2
Swamp:1:  layout_basic_swamp, evilmike_swamp_ruin_rubble_1
Swamp:2:  layout_basic_swamp, nicolae_swamp_triple_paths, swamp_pool2
Swamp:3:  layout_falls_marsh, evilmike_swamp_ruin_house_5, swamp_pool3
Swamp:4:  swamp_vile, layout_basic_swamp
Snake:1:  layout_cave_shapes, serial_shops, shop, shop,
          nicolae_shop_overgrown_old_shop, nicolae_shop_crystal,
          nicolae_shop_peninsula, nicolae_snake_snakes_in_the_grass,
          lemuel_fruit_tree, uniq_aizul, uniq_roxanne
Snake:2:  layout_basic, minmay_shoptagon
Snake:3:  layout_gridlike, ebering_ghost_gozag, serial_shops, shop, basic_altar
Snake:4:  minmay_snake_end_coiled, layout_rooms, serial_shops, shop, uniq_kirke
Orc:1:    layout_caves, serial_shops, nicolae_shop_overgrown_old_shop,
          basic_altar
Orc:2:    st_orc_congregation, layout_caves, led_sif_book, uniq_donald
Elf:1:    layout_geoelf_grid, evilmike_minifort, drop_trap,
          nicolae_gammafunk_elf_defective_weapons_storage, grunt_megastairs_3,
          lemuel_upstairs_altar, uniq_frances, uniq_zenata
Elf:2:    nicolae_elf_blades_splatter_lattice [nicolae_blade_entry_antechamber],
          layout_geoelf_grid, mu_enter_wizlab_3, uniq_agnes
Elf:3:    minmay_elf_hall_x, layout_loops_cross, serial_shops,
          nicolae_shop_gibbet_a_chance, grunt_ministairs_15
Vaults:1: dpeg_vaults_pockets_of_resistance, nicolae_vaults_two_Ls,
          vaults_room_pools, nicolae_vaults_network_s, v_alt_pattern_6,
          vaults_mumra_hex, v_alt_pattern_3, vaults_room_pools,
          ontoclasm_vaults_ligature, vaults_dpeg_emergency_exit,
          vaults_dpeg_ring, nicolae_vaults_double_plus_1, layout_vaults_omnigrid
Vaults:2: nicolae_vaults_what_the_h, nicolae_vaults_murder_corner, v_misc_14,
          nicolae_vaults_diagonal_hallway_7, hangedman_vaults_nails,
          nicolae_vaults_house_3, layout_vaults_big_room, serial_shops, shop,
          uniq_sojobo, uniq_nikola, uniq_saint_roka
Vaults:3: ontoclasm_vaults_shuriken, nicolae_vaults_storage_room_glass,
          nicolae_vaults_offset_grid_hallway_3, nicolae_vaults_sightless_eye,
          hangedman_vaults_corner, minmay_crypt_entry_simple_round,
          v_alt_pattern_2, ontoclasm_vaults_fault, vaults_room_semicircle,
          vaults_mumra_hexcomb, layout_vaults_omnicross, uniq_asterion
Vaults:4: v_rooms_3, nicolae_vaults_stepped_doors, nicolae_vaults_house_3,
          ontoclasm_vaults_tryst, ontoclasm_vaults_spin, v_alt_pattern_1,
          nicolae_vaults_trapezoid_lopsided_4, v_misc_11, v_pattern_3,
          v_misc_14, st_cells, grunt_vaults_funnel, layout_vaults_ring,
          uniq_margery
Vaults:5: serial_shops, uniq_xtahua
Depths:1: layout_cave_pools, enter_ziggurat_f, hell_entry, roderic_malta_cross,
          rand_demon_pan_entry_7, st_stairs_8, kennysheep_small_spiral,
          grunt_ministairs_1, minmay_metal_thing
Depths:2: cross_vault, layout_cave_shapes, serial_shops, shop,
          grunt_pan_entry_in_and_out, gammafunk_ghost_split, hell_entry,
          lemuel_flamethrower_3, minmay_staircase_statues, uniq_josephina
Depths:3: minmay_nine_rooms, layout_gridville, dreamdust_wishing_well,
          hell_entry, nicolae_abyss_entry_one_way_or_another,
          ebering_dispersal_statue_hall, nicolae_shop_vocational,
          minmay_staircase_bubble, uniq_jory
Depths:4: lemuel_castle_with_subvaults [lemuel_castle_interior_original],
          layout_cave_pools, chequers_jeans, pf_hell_entry_tar_spiral
Zot:1:    gammafunk_the_bubble [the_bubble_gammafunk_grid], layout_basic
Zot:2:    layout_gridlike, grunt_megastairs_2
Zot:3:    layout_basic, hangedman_zot_decor_unnerving_road, lemuel_elevator
Zot:4:    layout_onion_interference, st_grand_hoard_of_tiamat
Zot:5:    layout_twisted_circle

Skill      XL: |  1  2  3  4  5  6  7  8  9 10 11 12 13 14 15 16 17 18 19 20 21 22 23 24 25 26 |
---------------+-------------------------------------------------------------------------------+-----
Maces & Flails | 2 3 4 5 6 7 9 11 12 13 14 15 | 15.7
Fighting       | 3 4 5 7 8 10 12 15 16 18 20 | 20.7
Evocations     | 6 7 8 12 15 19 | 19.3
Armour         | 7 12 13 16 19 20 21 | 21.1
Axes           | 8 11 13 16 17 | 17.2
Shields        | 8 12 15 18 | 18.0
Dodging        | 6 10 13 14 | 14.0
Spellcasting   | 2 3 |  3.2

Action                     |  1- 3 |  4- 6 |  7- 9 | 10-12 | 13-15 | 16-18 | 19-21 | 22-24 | 25-27 || total
---------------------------+-------+-------+-------+-------+-------+-------+-------+-------+-------++-------
  Melee: Flail             |   101 |   207 |   380 |   344 |     7 |       |       |       |       ||  1039
         Tailslap          |     8 |    24 |    34 |   108 |   183 |   334 |   167 |   559 |   347 ||  1764
         Headbutt          |       |       |    58 |   151 |   247 |   145 |       |       |       ||   601
         Hand axe          |       |       |       |   231 |       |       |       |       |       ||   231
         Broad axe         |       |       |       |   181 |  1158 |  1644 |   627 |  2150 |  1555 ||  7315
         War axe           |       |       |       |       |       |    58 |       |       |       ||    58
  Throw: Javelin           |     1 |     1 |       |     2 |       |       |       |     2 |     2 ||     8
         Boomerang         |       |    31 |    40 |   101 |   123 |    36 |    10 |    21 |    17 ||   379
         Throwing net      |       |       |       |     1 |       |       |       |       |       ||     1
 Invoke: Potion Petition   |       |       |       |     2 |     2 |     3 |     1 |     4 |       ||    12
         Bribe Branch      |       |       |       |       |       |     1 |       |     1 |     2 ||     4
         Call Merchant     |       |       |       |       |       |       |       |     1 |       ||     1
  Evoke: Wand              |       |       |       |     9 |    19 |    22 |     3 |    23 |    30 ||   106
         Lightning rod     |       |       |       |     1 |     7 |     7 |     6 |     4 |     2 ||    27
         Tin of tremorston |       |       |       |       |       |     2 |       |     1 |     1 ||     4
         Box of beasts     |       |       |       |       |       |       |       |     2 |       ||     2
         Phantom mirror    |       |       |       |       |       |       |       |       |     1 ||     1
    Use: Potion            |     1 |     2 |    12 |    12 |     3 |     6 |     3 |     9 |     5 ||    53
         Scroll            |       |     2 |     7 |     3 |    11 |     9 |     1 |    13 |    13 ||    59
   Stab: Distracted        |       |       |     1 |     4 |     2 |    13 |     5 |    20 |     7 ||    52
         Paralysed         |       |       |       |     2 |       |     8 |       |       |       ||    10
         Invisible         |       |       |       |       |       |       |       |     2 |       ||     2
 Armour: Scale mail        |    47 |       |       |       |       |       |       |       |       ||    47
         Ring mail         |       |   100 |   173 |   290 |   132 |       |       |       |       ||   695
         Skin              |       |       |    11 |    12 |       |       |       |       |       ||    23
         Chain mail        |       |       |       |       |   165 |   445 |   177 |   168 |       ||   955
         Gold dragon scale |       |       |       |       |       |       |       |   440 |   650 ||  1090
  Dodge: Dodged            |    37 |    71 |   120 |   193 |   178 |   178 |   104 |   238 |   125 ||  1244
  Block: Buckler           |    11 |    34 |    52 |    92 |    10 |       |       |       |       ||   199
         Tower shield      |       |       |       |       |   269 |       |   288 |  1319 |   933 ||  2809
         Kite shield       |       |       |       |       |   228 |   681 |    52 |       |       ||   961
         Reflection        |       |       |       |       |    33 |    27 |       |       |       ||    60

Table legend: (Time is in decaauts)
 A = Elapsed time spent in this place.
 B = Non-inter-level travel time spent in this place.
 C = Inter-level travel time spent in this place.
 D = Time resting spent in this place.
 E = Time spent auto-exploring this place.
 F = Levels seen in this place.
 G = Mean time per level.
                   A        B        C        D        E       F      G
               +--------+--------+--------+--------+--------+-----+--------+
         Total |  71267 |  63905 |   7362 |  24370 |      0 |  51 | 1397.4 |
       Dungeon |  18055 |  15419 |   2636 |   4085 |      0 |  15 | 1203.7 |
        Temple |     61 |     10 |     51 |      0 |      0 |   1 |   61.0 |
          Lair |   9874 |   8470 |   1404 |   3933 |      0 |   5 | 1974.8 |
         Swamp |   4745 |   4465 |    280 |   1948 |      0 |   4 | 1186.2 |
     Snake Pit |   8508 |   7603 |    905 |   3731 |      0 |   4 | 2127.0 |
  Orcish Mines |   1948 |   1637 |    311 |    364 |      0 |   2 |  974.0 |
   Elven Halls |   3491 |   3084 |    407 |    470 |      0 |   3 | 1163.7 |
        Vaults |   9384 |   8627 |    757 |   3165 |      0 |   5 | 1876.8 |
        Depths |   7704 |   7188 |    516 |   3251 |      0 |   4 | 1926.0 |
           Zot |   4512 |   4419 |     93 |   1797 |      0 |   5 |  902.4 |
      Ice Cave |    689 |    689 |      0 |    198 |      0 |   1 |  689.0 |
        Wizlab |    966 |    966 |      0 |    541 |      0 |   1 |  966.0 |
      Gauntlet |   1324 |   1324 |      0 |    884 |      0 |   1 | 1324.0 |
               +--------+--------+--------+--------+--------+-----+--------+

Top non-repeatable levels by time:
 Snake:4: 3402 daAuts
Vaults:4: 3194 daAuts
Depths:4: 2754 daAuts
  Lair:2: 2502 daAuts
  Lair:5: 2117 daAuts
  Lair:4: 2065 daAuts
   Zot:5: 2028 daAuts
Depths:2: 1948 daAuts
 Snake:3: 1943 daAuts
     D:8: 1884 daAuts
Vaults:1: 1856 daAuts
Vaults:2: 1758 daAuts
 Swamp:4: 1728 daAuts
    D:11: 1723 daAuts
 Snake:2: 1718 daAuts
